 Dungeon Crawl Stone Soup version 0.16.1-4-g8e1b745 (console) character file.

20 gw the Charlatan (level 2, -1/16 HPs)
             Began as a Deep Elf Artificer on Mar 27, 2015.
             Was an Initiate of Dithmenos.
             Slain by an adder (3 damage)
             ... on level 2 of the Dungeon.
             The game lasted 00:01:36 (1987 turns).

gw the Charlatan (Deep Elf Artificer)               Turns: 1987, Time: 00:01:37

Health: -1/16      AC:  5    Str:  8    XL:     2   Next: 58%
Magic:  5/5        EV: 10    Int: 16    God:    Dithmenos [......]
Gold:   35         SH:  0    Dex: 15    Spells: 0 memorised, 1 level left

rFire  . . .     SeeInvis .     a - +0 short sword
rCold  . . .     Clarity  .     o - +0 ring mail
rNeg   . . .     SustAb   .     (no shield)
rPois  .         Gourm    .     (no helmet)
rElec  .         Spirit   .     (no cloak)
rCorr  .         Warding  .     (no gloves)
rMut   .         Stasis   .     (no boots)
MR     +....                    (no amulet)
Stlth  +.........               (no ring)
                                i - ring of protection from magic

@: somewhat resistant to hostile enchantments, very unstealthy
A: no striking features
a: Renounce Religion


You were on level 2 of the Dungeon.
You worshipped Dithmenos.
Dithmenos was noncommittal.
You were not hungry.

You visited 1 branch of the dungeon, and saw 2 of its levels.

You collected 35 gold pieces.

Inventory:

Hand weapons
 a - a +0 short sword (weapon)
Missiles
 h - 10 arrows
Armour
 o - a +0 ring mail (worn)
Jewellery
 i - a ring of protection from magic (left hand)
Magical devices
 c - a wand of enslavement (13)
Potions
 b - a potion of degeneration {unknown}
 g - a potion of invisibility
Comestibles
 j - 2 meat rations
 m - a beef jerky
 n - a royal jelly


   Skills:
 + Level 1.0 Fighting
 * Level 2.2 Short Blades
 + Level 2.7 Dodging
 * Level 1.4 Stealth
 + Level 0.0 Invocations
 - Level 3.2 Evocations


You had one spell level left.
You didn't know any spells.

Dungeon Overview and Level Annotations

Branches:
Dungeon (2/15)

Altars:
Dithmenos

Annotations:
D:1 exclusion: downstairs


Message History

Press: ? - help, Shift-Dir - straight line, f - hobgoblin
Aim: a hobgoblin, wielding a spear and wearing a ring mail (heavily wounded, chance 70%)
The hobgoblin struggles to resist.
This wand has 14 charges left.
The hobgoblin barely misses you. The adder closely misses you.
Unknown command.
Unknown command.
Unknown command.
Unknown command.
Evoke which item? (* to show all) (? for menu, Esc to quit)
Zapping:
c - a wand of enslavement (14)
Press: ? - help, Shift-Dir - straight line, f/p - hobgoblin
Aim: a hobgoblin, wielding a spear and wearing a ring mail (heavily wounded, chance 70%)
The hobgoblin is charmed.
This wand has 13 charges left.
The adder bites you.
Unknown command.
Unknown command.
Unknown command.
Unknown command.
ATTACKING (1,-1)
You barely miss the adder. The adder bites you.
You die...

. .# .# .# .# ###
.# # ..# ##.#.#
#.# #gS.# #.# #e#
######.#####.#
#............#
#.####.####..#
#.# #.# #..#
##.####.####..#
#..............)
##..#####.###...#
(##.........#
#...#


You could see an adder and a friendly hobgoblin.

Table legend:
 A = Turns spent in this place as a percentage of turns spent in the entire game.
 B = Non-inter-level travel turns spent in this place as a percentage of non-inter-level travel turns spent in the entire game.
 C = Inter-level travel turns spent in this place as a percentage of turns spent in this place.
 D = Turns resting spent in this place as a percentage of non-inter-level travel turns spent in this place.
 E = Turns spent auto-exploring this place as a percentage of non-inter-level travel turns spent in this place.
 F = Non-inter-level travel turns spent in this place divided by the number of levels of this place that you've seen.
                   A       B       C       D       E      F
               +-------+-------+-------+-------+-------+----------------------
         Total | 100.0 | 100.0 |   0.5 |   1.2 |   2.3 | 1018.5
       Dungeon | 100.0 | 100.0 |   0.5 |   1.2 |   2.3 | 1018.5
               +-------+-------+-------+-------+-------+----------------------

Table legend:
 A = Kills in this place as a percentage of kills in entire the game.
 B = Kills by you in this place as a percentage of kills by you in the entire game.
 C = Kills by friends in this place as a percentage of kills by friends in the entire game.
 D = Other kills in this place as a percentage of other kills in the entire game.
 E = Experience gained in this place as a percentage of experience gained in the entire game.
 F = Experience gained in this place divided by the number of levels of this place that you have seen.
                   A       B       C       D       E      F
               +-------+-------+-------+-------+-------+----------------------
         Total | 100.0 | 100.0 |  -nan |  -nan | 100.0 |  14.5
       Dungeon | 100.0 | 100.0 |  -nan |  -nan | 100.0 |  14.5
               +-------+-------+-------+-------+-------+----------------------

Vanquished Creatures
  A worm (D:2)
  4 goblins
  A hobgoblin (D:1)
  2 kobolds
  A bat (D:1)
  A giant newt (D:1)
  5 rats
15 creatures vanquished.

Notes
Turn   | Place    | Note
--------------------------------------------------------------
     0 | D:1      | gw, the Deep Elf Artificer, began the quest for the Orb.
     0 | D:1      | Reached XP level 1. HP: 11/11 MP: 2/2
   607 | D:1      | Reached XP level 2. HP: 16/16 MP: 5/5
  1162 | D:2      | Reached skill level 1 in Fighting
  1173 | D:2      | Found a shadowy altar of Dithmenos.
  1178 | D:2      | Became a worshipper of Dithmenos the Shadowed
  1987 | D:2      | Slain by an adder

Action                   || total
-------------------------++-------
Melee: Short sword       ||    79
Evoke: Wand              ||     2
  Use: Potion            ||     5
       Scroll            ||     3
 Stab: Sleeping          ||     1
  Eat: Bread ration      ||     1
       Chunk             ||     1

Vault maps used:
D:1:      sevenhm_arrival_forest_fort_small_3
D:2:      overflow_temple_1_default, serial_bayou_pond_e
